 Dungeon Crawl Stone Soup version 0.26-a0-83-g7ccd015ce0 (webtiles) character file.

Game seed: 15656390525304244504

93 Ezendos the Skirmisher (level 4, -1/39 HPs)
             Began as a Barachi Artificer on June 16, 2020.
             Slain by a black bear (5 damage)
             ... on level 2 of the Dungeon.
             The game lasted 00:03:53 (2200 turns).

Ezendos the Skirmisher (Barachi Artificer)          Turns: 2200, Time: 00:03:54

Health: -1/39      AC:  5    Str: 14    XL:     4   Next: 62%
Magic:  6/6        EV: 11    Int: 11    God:
Gold:   117        SH:  0    Dex: 13    Spells: 3/3 levels left

rFire    . . .     SeeInvis .   k - +0 short sword (freeze)
rCold    . . .     Gourm    .   (no shield)
rNeg     . . .     Faith    .   g - +0 ring mail
rPois    .         Spirit   .   (no helmet)
rElec    .         Reflect  .   s - scarf {+Inv}
rCorr    .         Harm     .   (no gloves)
MR       .....                  (no boots)
Stlth    +.........             (no amulet)
HPRegen  0.13/turn              (no ring)
MPRegen  0.10/turn              (no ring)

@: can't hop, slow
A: +LOS, swims, slowness 1, strong legs 1
a: Hop, Evoke Invisibility


You were on level 2 of the Dungeon.
You were not hungry.

You visited 1 branch of the dungeon, and saw 3 of its levels.

You collected 117 gold pieces.

Inventory:

Hand Weapons
 k - a +0 short sword of freezing (weapon)
Missiles
 a - 30 poisoned darts
 h - 55 stones (quivered)
 o - 47 sling bullets
Armour
 g - a +0 ring mail (worn)
 s - a scarf of invisibility (worn)
Jewellery
 i - an uncursed ring of stealth {unknown}
 t - an uncursed ring of positive energy {unknown}
Wands
 c - a wand of flame (12)
 d - a wand of enslavement (15)
 e - a wand of random effects (14)
Scrolls
 b - a scroll of magic mapping {unknown}
 j - 3 scrolls of remove curse
 l - a scroll of random uselessness {unknown}
 r - a scroll of enchant weapon {unknown}
Potions
 m - a potion of resistance
 n - 2 potions of curing
 q - a potion of brilliance
Comestibles
 f - 3 rations


   Skills:
 + Level 5.2 Fighting
 - Level 1.1 Short Blades
 - Level 2.1 Dodging
 - Level 0.8 Stealth
 - Level 3.2 Evocations


You had 3 spell levels left.
You didn't know any spells.
Your spell library was empty.

Dungeon Overview and Level Annotations

Branches:
Dungeon (3/15)

Altars:


Innate Abilities, Weirdness & Mutations

You can be seen from farther away. (+LOS)
You can swim through water.
You cover ground slowly.
You can hop short distances.


Message History

The black bear claws you.
You hit the black bear. You freeze the black bear.
The black bear is severely wounded.
The black bear goes berserk!
You hit the black bear. You freeze the black bear.
The black bear is almost dead.
The black bear bites you!
* * * LOW HITPOINT WARNING * * *
The black bear claws you.
* * * LOW HITPOINT WARNING * * *
The black bear claws you.
* * * LOW HITPOINT WARNING * * *
Evoke which item? (* to show all) (? for menu, Esc to quit)
Aiming: Throw Flame
Press: ? - help, Shift-Dir - straight line, f - black bear
Aim: a black bear (almost dead, berserk)
The puff of flame hits the black bear.
The black bear is almost dead.
The black bear bites you.
You die...

......................#.#.#.#
......................#...#.#
##########............#####.#
####.....##...# #.#
#.....##...# #.# #.....##...#
#.# #........#.# #.#
#.....####># #.# #...@.# h#
#.# ####h## (# #.# #r# .# #.#
#### #.# #.####.# ...# #.#
#......### ...# #.#
#.......<### ...# #.#
#.#####..... ...# #.# #
#.#### ...# #.# #.#


You could see a black bear (berserk) and a rat.

Vanquished Creatures
  Terence (D:2)
  2 adders (D:2)
  2 oozes
  2 dart slugs (D:1)
  A leopard gecko (D:2)
  A bat (D:2)
  A giant cockroach (D:2)
  8 goblins
  5 hobgoblins
  A ball python (D:2)
  3 frilled lizards
  5 kobolds
  7 rats
39 creatures vanquished.

Notes
Turn   | Place    | Note
-------+----------+-------------------------------------------
     0 | D:1      | Ezendos the Barachi Artificer began the quest for the Orb.
     0 | D:1      | Reached XP level 1. HP: 15/15 MP: 3/3
   209 | D:1      | Reached skill level 2 in Fighting
   257 | D:1      | Reached XP level 2. HP: 23/23 MP: 4/4
   502 | D:1      | Reached skill level 3 in Fighting
   803 | D:1      | Reached XP level 3. HP: 29/29 MP: 5/5
  1437 | D:2      | Reached skill level 4 in Fighting
  1486 | D:2      | Noticed a black bear
  1869 | D:2      | Reached XP level 4. HP: 38/38 MP: 6/6
  2027 | D:2      | Noticed Terence
  2093 | D:2      | Killed Terence
  2093 | D:2      | Reached skill level 5 in Fighting
  2200 | D:2      | Slain by a black bear

Illustrated notes

Levels and vault maps discovered:
D:1:      minmay_arrival_diagonal_passages, layout_basic
D:2:      layout_basic, minmay_tromino_v7, uniq_terence
D:3:      layout_loops_corners, minmay_splitting_lines, uniq_ijyb

Skill      XL: |  1  2  3  4 |
---------------+-------------+-----
Fighting       | 2 3 4 5 |  5.2
Short Blades   | |  1.1
Dodging        | |  2.1
Stealth        | |  0.8
Evocations     | |  3.2

Action                   |  1- 3 |  4- 6 || total
-------------------------+-------+-------++-------
Melee: Short sword       |   111 |    32 ||   143
 Abil: Hop               |       |     2 ||     2
Evoke: Wand              |     2 |     2 ||     4
  Use: Scroll            |     4 |       ||     4
  Eat: Chunk             |     4 |     1 ||     5
Armor: Ring mail         |    37 |    11 ||    48
Dodge: Dodged            |    54 |    28 ||    82

Table legend:
 A = Non-vault XP
 B = Vault XP
 C = Vault XP percentage of total XP
 D = Non-vault monster count
 E = Vault monster count
 F = Vault count percentage of total count
                 A         B        C        D         E       F
            +---------+---------+-------+---------+---------+-------
      Total |      94 |      40 |  29.9 |      35 |       4 |  10.3
            +---------+---------+-------+---------+---------+-------
        D:1 |      43 |       0 |   0.0 |      22 |       0 |   0.0
        D:2 |      51 |      40 |  44.0 |      13 |       4 |  23.5
            +---------+---------+-------+---------+---------+-------
